 Dungeon Crawl Stone Soup version 0.25.0-11-g1f837a76a1 (webtiles) character file.

Game seed: 12614145857155830356

3256 MisterFreud the Grappler (level 9, -5/89 HPs)
             Began as a Troll Fighter on June 27, 2020.
             Slain by an orc warrior
             ... wielding a +0 war axe
              (18 damage)
             ... on level 8 of the Dungeon.
             The game lasted 00:05:34 (5630 turns).

MisterFreud the Grappler (Troll Fighter)            Turns: 5630, Time: 00:05:35

Health: -5/89      AC:  7    Str: 28    XL:     9   Next: 67%
Magic:  8/8        EV:  9    Int:  5    God:
Gold:   77         SH: 10    Dex:  9    Spells: 8/8 levels left

rFire    . . .     SeeInvis .     - Unarmed
rCold    . . .     Gourm    +   b - +0 kite shield
rNeg     . . .     Faith    .   a - +0 robe
rPois    .         Spirit   .   (helmet restricted)
rElec    .         Reflect  .   D - +0 cloak
rCorr    .         Harm     .   (gloves unavailable)
MR       .....                  (boots unavailable)
Stlth    +.........             (no amulet)
HPRegen  0.64/turn              (no ring)
MPRegen  0.11/turn              (no ring)

@: no status effects
A: large, unfitting armour, claws 3, fast metabolism 3, gourmand, regeneration
1, shaggy fur 1, tough skin 3
a: no special abilities


You were on level 8 of the Dungeon.
You were full.

You visited 1 branch of the dungeon, and saw 8 of its levels.

You collected 317 gold pieces.
You spent 240 gold pieces at shops.

Inventory:

Missiles
 g - 2 silver boomerangs (quivered)
 v - a boomerang
 B - a throwing net
 C - 12 poisoned darts
Armour
 a - a +0 robe (worn)
 b - a +0 kite shield (worn)
 D - a +0 cloak (worn)
Jewellery
 o - a +4 ring of protection {unknown}
 w - an uncursed amulet of guardian spirit {unknown}
Wands
 q - a wand of clouds (10)
 t - a wand of random effects (16)
 E - a wand of flame (13)
 F - a wand of paralysis (6)
 G - a wand of iceblast (10)
Scrolls
 f - 9 scrolls of identify {unknown}
 h - 4 scrolls of fear
 k - 5 scrolls of remove curse {unknown}
 l - 2 scrolls of enchant armour {unknown}
 m - 2 scrolls of immolation {unknown}
 s - 2 scrolls of enchant weapon {unknown}
 x - 2 scrolls of fog {unknown}
 y - 2 scrolls of blinking {unknown}
 A - 6 scrolls of teleportation
Potions
 c - 2 potions of might
 e - 4 potions of mutation {unknown}
 i - 2 potions of curing
 j - 2 potions of degeneration {unknown}
 n - 4 potions of lignification {unknown}
 p - 4 potions of flight {unknown}
 r - 2 potions of brilliance {unknown}
 u - 2 potions of haste {unknown}
 z - 2 potions of stabbing {unknown}
Comestibles
 d - 16 rations


   Skills:
 - Level 6.0 Fighting
 - Level 2.4 Dodging
 + Level 6.0 Shields
 + Level 10.3 Unarmed Combat


You had 8 spell levels left.
You didn't know any spells.
Your spell library was empty.

Dungeon Overview and Level Annotations

Branches:
Dungeon (8/15)             Temple (0/1) D:4
   Lair: D:8-11

Altars:
Ashenzari
Fedhas
Gozag
Kikubaaqudgha
Makhleb
Ru
Vehumet
Wu Jian
Yredelemnul
Beogh

Shops:
D:5 **   D:7 ?   D:8 *

Annotations:
D:4 exclusion: oklob plant
D:5 3 runed translucent doors, IHuginn's ghost, amateur MiGl
D:7 3 runed translucent doors, 2 transporters, Menkaure; NebNelluc's ghost, novice HaBe


Innate Abilities, Weirdness & Mutations

You are too large for most types of armour.
You have claws for hands.
Your metabolism is lightning-fast.
You like to eat raw meat.
Your natural rate of healing is unusually fast.
You are covered in fur. (AC +1)
You have extremely tough skin. (AC +3)


Message History

You block the orc's attack.
You closely miss the orc.
The orc is heavily wounded.
You completely miss the orc.
The orc is heavily wounded.
The orc priest calls down the wrath of Beogh upon you.
Beogh smites you! The orc wizard misses you. You block the orc's attack.
You see here a +0 flail.
A bullfrog comes into view.
The orc warrior hits you with a +0 war axe!!
* * * LOW HITPOINT WARNING * * *
You closely miss the orc warrior. You closely miss the orc warrior.
The orc warrior hits you with a +0 war axe!
* * * LOW HITPOINT WARNING * * *
You mangle the orc warrior!!
The orc warrior is severely wounded.
The orc warrior hits you with a +0 war axe!!
You die...

### #.#.# .>. #.#'##
#.##############....# ≈
#.#............#....# F≈
#.#...########@#....#o≈≈
#.#...#####> #o#......≈≈
#<#.....(##. #o#.Z...≈≈≈≈≈#
#.÷.(....##.##o#oo...≈≈≈≈≈#
#####÷....##..#F#)####≈≈≈≈#
#<...)....##...oZ.†...≈≈≈≈#
##.#......##.?..#.....≈≈≈≈#
###.#....##....######≈≈≈≈##
#.....##.##..........≈≈≈≈≈#


You could see an orc warrior, a bullfrog, an orc priest, an orc wizard, an orc
and a wyvern skeleton.

Vanquished Creatures
  Pikel (D:6)
  Grinder (D:3)
  A wyvern (D:8)
  Eustachio (D:6)
  3 ice beasts
  A slave (D:6)
  An orc warrior (D:7)
  2 phantoms
  2 sky beasts
  4 ogres
  A centaur (D:5)
  A crocodile (D:7)
  2 bullfrogs (D:8)
  A water moccasin skeleton (D:8)
  3 howler monkeys
  A crimson imp (D:6)
  A quasit (D:8)
  3 hounds
  A centaur skeleton (D:4)
  4 bullfrog skeletons
  An orc priest (D:4)
  An orc wizard (D:3)
  Crazy Yiuf (D:6)
  3 iguanas
  5 worker ants
  2 hound skeletons (D:5)
  A worker ant zombie (D:7)
  2 howler monkey skeletons (D:4)
  10 adders
  An ooze (D:1)
  An adder skeleton (D:4)
  2 worms
  3 dart slugs (D:1)
  4 leopard geckos
  13 orcs
  9 bats
  6 giant cockroaches
  6 goblins
  6 hobgoblins
  4 quokkas
  A ball python (D:2)
  A ball python skeleton (D:4)
  2 frilled lizards (D:2)
  4 kobolds
  2 rats (D:2)
126 creatures vanquished.

Vanquished Creatures (others)
  A jelly (D:6)
1 creature vanquished.

Grand Total: 127 creatures vanquished

Notes
Turn   | Place    | Note
-------+----------+-------------------------------------------
     0 | D:1      | MisterFreud the Troll Fighter began the quest for the Orb.
     0 | D:1      | Reached XP level 1. HP: 22/22 MP: 0/0
   227 | D:1      | Reached XP level 2. HP: 29/29 MP: 1/1
   327 | D:1      | Reached skill level 3 in Unarmed Combat
   762 | D:2      | Reached XP level 3. HP: 36/36 MP: 2/2
   880 | D:2      | Reached skill level 4 in Unarmed Combat
   963 | D:2      | Reached XP level 4. HP: 44/44 MP: 3/3
  1394 | D:3      | Reached skill level 5 in Unarmed Combat
  1447 | D:3      | Noticed Grinder
  1453 | D:3      | Paralysed by Grinder for 5 turns
  1471 | D:3      | Killed Grinder
  1471 | D:3      | Reached skill level 6 in Unarmed Combat
  1471 | D:3      | Reached XP level 5. HP: 5/50 MP: 4/4
  1471 | D:3      | Reached XP level 6. HP: 6/59 MP: 5/5
  1963 | D:4      | Found an ornate altar of the Wu Jian Council.
  1963 | D:4      | Found a radiant altar of Vehumet.
  2020 | D:4      | Found a staircase to the Ecumenical Temple.
  2051 | D:4      | Reached skill level 7 in Unarmed Combat
  2219 | D:4      | Found a sacrificial altar of Ru.
  2424 | D:4      | Reached XP level 7. HP: 66/66 MP: 6/6
  2672 | D:4      | Found a blossoming altar of Fedhas.
  2690 | D:4      | Noticed an oklob plant
  2961 | D:5      | Entered Level 5 of the Dungeon
  3006 | D:5      | Reached skill level 8 in Unarmed Combat
  3105 | D:5      | Found a burning altar of Makhleb.
  3250 | D:5      | Found Byhi's Lightly-Used Armoury.
  3255 | D:5      | Reached XP level 8. HP: 75/75 MP: 7/7
  3346 | D:5      | Found Geqeph's General Store.
  3502 | D:5      | Found a runed translucent gate.
  3503 | D:5      | Found a runed translucent gate.
  3504 | D:5      | Found a runed translucent gate.
  3504 | D:5      | Identified the +8 dagger of Dividends {vorpal, SInv Stlth+}
  3505 | D:5      | Noticed IHuginn's ghost (amateur MiGl)
  3510 | D:5      | Found a roughly hewn altar of Beogh.
  3569 | D:6      | Noticed Pikel
  3594 | D:6      | Killed Pikel
  3594 | D:6      | Reached skill level 9 in Unarmed Combat
  3669 | D:6      | Found a shattered altar of Ashenzari.
  3754 | D:6      | Noticed Eustachio
  3767 | D:6      | Killed Eustachio
  3984 | D:6      | Found a runed translucent door.
  3985 | D:6      | Noticed Crazy Yiuf
  4083 | D:6      | Reached XP level 9. HP: 87/87 MP: 8/8
  4492 | D:6      | Killed Crazy Yiuf
  4537 | D:7      | Reached skill level 5 in Fighting
  4571 | D:7      | Reached skill level 5 in Shields
  4630 | D:7      | Found a runed translucent gate.
  4630 | D:7      | Found a runed translucent gate.
  4630 | D:7      | Found an opulent altar of Gozag.
  4630 | D:7      | Found a runed translucent gate.
  4631 | D:7      | Noticed a gargoyle
  4631 | D:7      | Noticed NebNelluc's ghost (novice HaBe)
  4881 | D:7      | Found Motziutt's Magic Scroll Boutique.
  4895 | D:7      | Bought a scroll of teleportation for 45 gold pieces
  4895 | D:7      | Bought a scroll of teleportation for 45 gold pieces
  4895 | D:7      | Bought 2 scrolls of fear for 105 gold pieces
  4895 | D:7      | Bought a scroll of teleportation for 45 gold pieces
  5074 | D:7      | Found a transporter.
  5074 | D:7      | Found a transporter.
  5074 | D:7      | Found an ancient bone altar of Kikubaaqudgha.
  5078 | D:7      | Noticed Menkaure
  5120 | D:7      | Found a basalt altar of Yredelemnul.
  5500 | D:8      | Reached skill level 10 in Unarmed Combat
  5580 | D:8      | Found Hagosi's Assorted Antiques.
  5605 | D:8      | Identified the +8 scythe "Fizorr" {vamp, Str+8}
  5630 | D:8      | Slain by an orc warrior

Illustrated notes

Levels and vault maps discovered:
D:1:      dpeg_arrival_lava_temple_mockup, layout_basic
D:2:      layout_basic, first_ration, st_stairs_12
D:3:      layout_basic, minmay_circle_x, uniq_grinder
D:4:      layout_gridville, grunt_temple_overflow_open, temple_pool_b,
          hangedman_decor_opposing, tgw_fedhas
D:5:      layout_cave_pools, lightli_temple_of_fire, serial_shops,
          kennysheep_little_box, biasface_ghost_orc_armoury, minmay_shop_damaged
D:6:      layout_loops_corners, nicolae_ashenzari_panopticon,
          skrybe_limestone_x, uniq_eustachio, uniq_crazy_yiuf_cottage,
          uniq_pikel
D:7:      layout_loops_corners, gammafunk_temple_of_torment, serial_shops, shop,
          ebering_ghost_gozag
D:8:      wander_river, layout_basic, nicolae_overflow_hidden_temple,
          serial_shops, shop_fountains

Skill      XL: |  1  2  3  4  5  6  7  8  9 |
---------------+----------------------------+-----
Unarmed Combat | 3 4 6 7 8 9 10 | 10.3
Fighting       | 3 4 6 |  6.0
Shields        | 3 4 6 |  6.0
Dodging        | |  2.4

Action                   |  1- 3 |  4- 6 |  7- 9 || total
-------------------------+-------+-------+-------++-------
Melee: Unarmed           |    84 |   172 |   215 ||   471
 Stab: Sleeping          |     3 |       |       ||     3
  Eat: Chunk             |    14 |    14 |    26 ||    54
Armor: Robe              |    27 |    53 |    30 ||   110
Dodge: Dodged            |    24 |    65 |    59 ||   148
Block: Kite shield       |    37 |    77 |    91 ||   205
